 Dungeon Crawl Stone Soup version 0.29.1-15-g9cfb28693d (webtiles) character file.

Game seed: 4809395312156870861

11026 hawla the Thaumaturge (level 12, -2/88 HPs)
             Began as a Meteoran Fire Elementalist on Mar 10, 2023.
             Was an Elder of Vehumet.
             Slain by a troll (12 damage)
             ... led by an orc warlord
             ... on level 2 of the Orcish Mines on Mar 11, 2023.
             The game lasted 00:26:22 (5225 turns).

hawla the Thaumaturge (Meteoran Fire Elementalist)  Turns: 5225, Time: 00:26:23

Health: -2/88      AC:  8    Str: 13    XL:     12   Next: 28%
Magic:  21/29      EV: 14    Int: 21    God:    Vehumet [****..]
Gold:   629        SH:  0    Dex: 16    Spells: 26/36 levels left

rFire   . . .      SeeInvis .   f - +1 scimitar (flame)
rCold   . . .      Faith    .   (no shield)
rNeg    . . .      Spirit   .   i - +0 steam dragon scales
rPois   +          Reflect  .   o - +0 hat
rElec   .          Harm     .   k - +2 cloak of Context {Str+3}
rCorr   .          Rampage  .   (no gloves)
Will    +....                   (no boots)
Stlth   +.........              g - amulet of the acrobat
HPRegen 0.24/turn               e - ring of poison resistance
MPRegen 0.21/turn               (no ring)

@: confused, ambrosia-drunk, glowing
A: sense surroundings 2, otherworldly, glowing, explore regen
a: Renounce Religion


You were on level 2 of the Orcish Mines.
You worshipped Vehumet.
Vehumet was greatly pleased with you.
You visited 3 branches of the dungeon, and saw 14 of its levels.

You collected 629 gold pieces.

Inventory:

Hand Weapons
 f - a +1 scimitar of flaming (weapon)
Missiles
 h - 6 throwing nets
Armour
 i - +0 steam dragon scales (worn)
 j - a +2 robe of the Archmagi
 k - the +2 cloak of Context (worn) {Str+3}
   (You acquired it on level 10 of the Dungeon)

   Str:       It affects your strength (+3).
 o - a +0 hat (worn)
Jewellery
 e - a ring of poison resistance (left hand)
 g - an amulet of the acrobat (around neck)
Wands
 a - a wand of roots (1)
 d - a wand of digging (5)
 l - a wand of charming (12)
Scrolls
 b - 7 scrolls of identify
 n - a scroll of amnesia
Potions
 p - a potion of ambrosia


   Skills:
 + Level 2.5 Fighting
 + Level 3.0 Long Blades
 + Level 5.3 Dodging
 - Level 1.4 Stealth
 + Level 12.9 Spellcasting
 + Level 8.5 Conjurations
 + Level 12.2 Fire Magic
 + Level 7.2 Ice Magic


You had 26 spell levels left.
You knew the following spells:

 Your Spells              Type           Power      Damage    Failure   Level
a - Foxfire               Conj/Fire      100%       2x1d9     1%          1
b - Scorch                Fire           100%       2d10      1%          2
c - Flame Wave            Conj/Fire      54%        2d13      1%          4
d - Frozen Ramparts       Ice            88%        1d14      1%          3

Your spell library contained the following spells:

 Spells                   Type           Power      Damage    Failure   Level
 Ignite Poison            Fire/Tmut/Pois 30%        N/A       1%          3
 Magic Dart               Conj           100%       1d8       1%          1
 Conjure Flame            Conj/Fire      54%        6-21      1%          3
 Inner Flame              Hex/Fire       39%        N/A       1%          3
 Mephitic Cloud           Conj/Pois/Air  25%        N/A       1%          3
 Call Imp                 Summ           13%        N/A       8%          2
 Ice Form                 Ice/Tmut       28%        N/A       11%         4
 Summon Ice Beast         Ice/Summ       28%        N/A       11%         4
 Cause Fear               Hex            6%         N/A       43%         4
 Dragon Form              Tmut           6%         N/A       100%        7
 Dragon's Call            Summ           6%         N/A       100%        9


Dungeon Overview and Level Annotations

Branches:
Dungeon (11/15) Zot: 2186  Temple (1/1) D:4 Zot: 463    Lair (0/5) D:11
    Orc (2/2) D:10 Zot: 506
    Elf: Orc:2

Altars:
Ashenzari
Dithmenos
Elyvilon
Fedhas
Gozag
Hepliaklqana
Makhleb
Nemelex Xobeh
Qazlal
Ru
Sif Muna
Trog
Uskayaw
Vehumet
Wu Jian
Xom
Yredelemnul
Zin
The Shining One


Innate Abilities, Weirdness & Mutations

You passively map the area around you.
You are easily found by Zot.
You glow in the dark.
You regain HP and MP as you explore.


Message History

The orc warlord hits you with a +3 long sword.
Casting: Scorch (safe; 1% risk of failure)
Confirm with . or Enter, or press ? or * to list all spells.
Casting: Flame Wave (safe; 1% risk of failure)
Press: ? - help, Dir - look around, f - activate A wave of flame ripples out!
The flame wave engulfs the orc warrior!
You kill the orc warrior!
Vehumet accepts your kill.
The flame wave engulfs the orc warlord but does no damage.
The orc warlord is moderately wounded. (Press . to intensify the flame waves.)
You hear a shout! x2
The wall freezes the orc warlord but does no damage.
The orc warlord hits you with a +3 long sword!!
* * * LOW HITPOINT WARNING * * *
Unknown command.
You feel much better.
The wall freezes the troll!
The troll closely misses you. The troll misses you. The troll claws you!
* * * LOW HITPOINT WARNING * * *
The wall freezes the orc warlord.
The orc warlord misses you.
Okay, then.
You feel much better.
An orc priest comes into view. It is wielding a +0 mace.
The wall freezes the troll.
The troll bites you but does no damage. The troll barely misses you.
The troll claws you but does no damage.
The wall freezes the orc warlord.
The orc warlord closely misses you.
Okay, then.
It was a potion of ambrosia.
You are confused.
You feel invigorated.
The frozen ramparts melt away.
The troll bites you. The troll claws you! x2
* * * LOW HITPOINT WARNING * * *
The orc warlord hits you with a +3 long sword.
* * * LOW HITPOINT WARNING * * *
You're too confused to move!
The orc priest calls down the wrath of Beogh upon you.
Beogh smites you!
* * * LOW HITPOINT WARNING * * *
The troll closely misses you. The troll claws you!
You die...

, , . ,, ## * ,,,,, , ,
#.#. ,* ##.## , , ,, ,,
..$#. ### #...# .#### ,
, ....##.####..#*..##...
, ........#...##...##..
, ..
#.#.....#.#......##. , ,
....#...).........#.# #.
,,
....ooTo......#..##.###.
* ...o#@.####.#......#..
* . , #.## ∩#.o.....###.
8### , #.....###... , ,,
##o...###.... * , , ,
*#.....#...... , , , ,
#............ * ,,
###........... , ,
..8.....#......# , ,
.............#.


You could see an orc warlord, a troll, an orc priest (strong) and an orc
(strong).

Vanquished Creatures
  A hydra (D:11)
  Erica (D:9)
  A two-headed ogre (D:7)
  Sonja (D:11)
  2 orc sorcerers (Orc:2)
  An unseen horror (D:11)
  Prince Ribbit (D:9)
  Sigmund (D:4)
  2 shadows
  A wyvern (D:6)
  5 yaks (D:10)
  2 vampire mosquitoes (D:10)
  A steam dragon (D:9)
  6 wargs
  An acid dragon (D:10)
  An ice beast (D:7)
  16 orc warriors
  2 black bears
  A sky beast (D:6)
  4 ogres
  2 centaurs
  4 kobold brigands
  A phantom (D:6)
  4 bullfrogs
  A necrophage (D:4)
  3 gnoll sergeants
  2 scorpions (D:6)
  9 wights
  2 howler monkeys
  2 jellies
  10 orc priests
  A gnoll bouda (D:6)
  2 hounds
  15 orc wizards
  16 gnolls
  A shadow imp (D:8)
  2 ufetubi (D:6)
  52 orcs
  2 giant cockroaches
  7 goblins
  4 jackals
  23 kobolds
  4 quokkas
  A ball python (D:4)
  2 bats (D:3)
  A rat (D:2)
224 creatures vanquished.

Vanquished Creatures (others)
  An orc wizard (D:6)
  238 foxfires
239 creatures vanquished.

Grand Total: 463 creatures vanquished

Notes
Turn   | Place    | Note
-------+----------+-------------------------------------------
     0 | D:1      | hawla the Meteoran Fire Elementalist began the quest for
                  | the Orb.
     0 | D:1      | Reached XP level 1. HP: 14/14 MP: 5/5
   149 | D:3      | Noticed an orc wizard
   156 | D:3      | Reached XP level 2. HP: 3/20 MP: 4/7
   178 | D:3      | Reached XP level 3. HP: 7/26 MP: 2/9
   220 | D:4      | Learned a level 2 spell: Scorch
   231 | D:4      | Noticed Sigmund
   236 | D:4      | Killed Sigmund
   237 | D:4      | Reached skill level 5 in Fire Magic
   237 | D:4      | Reached XP level 4. HP: 34/34 MP: 4/11
   237 | D:4      | Reached XP level 5. HP: 39/39 MP: 4/12
   237 | D:4      | Reached XP level 6. HP: 46/46 MP: 4/13
   276 | D:4      | Noticed an ogre
   282 | D:4      | Killed an ogre
   288 | D:4      | Learned a level 4 spell: Flame Wave
   333 | D:4      | Reached XP level 7. HP: 47/51 MP: 12/15
   528 | D:4      | Found a burning altar of Makhleb.
   710 | D:4      | Found a staircase to the Ecumenical Temple.
   717 | Temple   | Entered the Ecumenical Temple
   843 | Temple   | Became a worshipper of Vehumet
   885 | D:5      | Entered Level 5 of the Dungeon
   959 | D:6      | Reached skill level 5 in Conjurations
   967 | D:6      | Reached XP level 8. HP: 36/58 MP: 1/16
   997 | D:5      | You fall into a shaft and drop 1 floor!
  1026 | D:6      | Reached skill level 5 in Spellcasting
  1132 | D:6      | Noticed a wyvern
  1137 | D:6      | Killed a wyvern
  1138 | D:6      | Reached skill level 1 in Fighting
  1138 | D:6      | Gained mutation: You passively map the area around you.
                  | [Meteoran growth]
  1138 | D:6      | Reached XP level 9. HP: 59/64 MP: 11/20
  1255 | D:6      | Reached * piety under Vehumet
  1255 | D:6      | Offered knowledge of Sandblast by Vehumet.
  1580 | D:7      | Noticed a two-headed ogre
  1588 | D:7      | Killed a two-headed ogre
  1589 | D:7      | Reached XP level 10. HP: 66/71 MP: 12/24
  1782 | D:8      | Reached skill level 10 in Fire Magic
  2084 | D:8      | Noticed a lindwurm
  2090 | D:8      | Noticed a lindwurm
  2104 | D:8      | Learned a level 3 spell: Frozen Ramparts
  2133 | D:8      | Noticed a lindwurm
  2134 | D:8      | Noticed a lindwurm
  2353 | D:8      | Reached skill level 1 in Ice Magic
  2463 | D:9      | Noticed Prince Ribbit
  2466 | D:9      | Offered knowledge of Magic Dart by Vehumet.
  2469 | D:9      | Reached ** piety under Vehumet
  2470 | D:9      | Killed Prince Ribbit
  2510 | D:9      | Noticed Erica
  2528 | D:9      | Killed Erica
  2600 | D:9      | Found a hide-covered altar of Uskayaw.
  3461 | D:4      | Reached skill level 10 in Spellcasting
  3669 | D:10     | Entered Level 10 of the Dungeon
  3670 | D:10     | Identified a scroll of acquirement
  3671 | D:10     | Acquired the +2 cloak of Context {Str+3}
  3700 | D:10     | Reached XP level 11. HP: 71/78 MP: 18/26
  3703 | D:10     | Reached skill level 1 in Long Blades
  3745 | D:10     | Found a broken altar of Ashenzari.
  3863 | D:10     | Found a sacrificial altar of Ru.
  3916 | D:10     | Offered knowledge of Searing Ray by Vehumet.
  3918 | D:10     | Found a staircase to the Orcish Mines.
  3929 | D:10     | Reached *** piety under Vehumet
  4044 | D:10     | Found a blossoming altar of Fedhas.
  4445 | D:11     | Noticed Sonja
  4450 | D:11     | Killed Sonja
  4466 | D:11     | Offered knowledge of Olgreb's Toxic Radiance by Vehumet.
  4490 | D:11     | Found a staircase to the Lair.
  4499 | D:11     | Noticed a six-headed hydra
  4504 | D:11     | Killed a six-headed hydra
  4534 | Orc:1    | Entered Level 1 of the Orcish Mines
  4580 | Orc:1    | Reached **** piety under Vehumet
  4864 | Orc:1    | Reached XP level 12. HP: 71/85 MP: 22/29
  4955 | Orc:2    | Entered Level 2 of the Orcish Mines
  4980 | Orc:2    | Reached skill level 5 in Dodging
  4995 | Orc:2    | Offered knowledge of Ignite Poison by Vehumet.
  5062 | Orc:2    | Noticed an orc warlord
  5213 | Orc:2    | Noticed a sixfirhy
  5225 | Orc:2    | Slain by a troll

Illustrated notes

Levels and vault maps discovered:
D:1:      dpeg_arrival_rooms_c, layout_basic
D:2:      layout_basic, ebering_ecumenical_altar_webs, corexii_hall_statues_l,
          minmay_pentomino_pile
D:3:      layout_basic, okawaru_ov_weapons_minmay
D:4:      nicolae_cairo_tiling_very_big, layout_basic, lemuel_round_altar,
          uniq_sigmund
D:5:      layout_basic, gammafunk_ghost_arena
D:6:      layout_rooms, bh_walls_and_bars
D:7:      layout_loops_ring, mainiacjoe_overflow_small_starburst,
          kiku_gazebo_pond_becter, ebering_ghost_reflecting_pool,
          wad_floor_pattern_untrapped
D:8:      black_bear_nest_2, layout_basic, minmay_lindwurm_lava
D:9:      layout_basic, eat_drink_and_be_merry_uskayaw, uniq_prince_ribbit1,
          uniq_erica
D:10:     layout_cave_pools, nicolae_ru_path_of_blood,
          mainiacjoe_overflow_brackets, mainiacjoe_overflow_24_doors,
          erik_orc_3, hangedman_abyss_or_decor_stagger
D:11:     layout_basic, erik_lair_orcish_takeover, serial_park_tiny_1,
          uniq_sonja
Temple:   nicolae_temple_two_arcs
Orc:1:    layout_diamond_mine, nicolae_orc_flooded_monolith
Orc:2:    grunt_orc_cross, layout_caves, nicolae_volcano_entry_s_turn

Skill      XL: |  1  2  3  4  5  6  7  8  9 10 11 12 |
---------------+-------------------------------------+-----
Spellcasting   | 3 4 6 9 10 12 | 12.9
Fire Magic     | 4 5 6 7 9 10 11 12 | 12.2
Dodging        | 3 4 5 |  5.3
Conjurations   | 2 3 6 7 8 |  8.5
Fighting       | 1 2 |  2.5
Ice Magic      | 7 |  7.2
Long Blades    | 2 3 |  3.0
Stealth        | |  1.4

Action                   |  1- 3 |  4- 6 |  7- 9 | 10-12 || total
-------------------------+-------+-------+-------+-------++-------
Melee: Unarmed           |     2 |     1 |    10 |       ||    13
       Scimitar          |       |       |       |    35 ||    35
       Long sword        |       |       |       |     9 ||     9
 Cast: Foxfire           |    17 |     7 |    49 |    71 ||   144
       Scorch            |     1 |     2 |    30 |    76 ||   109
       Flame Wave        |       |       |     5 |    40 ||    45
       Frozen Ramparts   |       |       |       |    11 ||    11
Evoke: Wand              |       |       |       |     1 ||     1
  Use: Potion            |     1 |       |     2 |     4 ||     7
       Scroll            |       |       |     3 |    10 ||    13
Armor: Robe              |     3 |       |     7 |     4 ||    14
       Steam dragon scal |       |       |       |    31 ||    31
Dodge: Dodged            |     4 |     2 |    28 |   141 ||   175
